 Dungeon Crawl Stone Soup version 0.14-a0-1637-gd423c14 (webtiles) character file.

239 Herrn the Ducker (level 4, -5/31 HPs)
             Began as an Octopode Fighter on Dec 26, 2013.
             Slain by a gnoll
             ... wielding a +0,+0 spear
              (6 damage)
             ... on Level 3 of the Dungeon.
             The game lasted 00:14:05 (2499 turns).

Herrn the Ducker (Octopode Fighter)                 Turns: 2499, Time: 00:14:05

HP  -5/31        AC  1     Str 15      XL: 4   Next: 74%
MP   5/5         EV 11     Int 10      God:
Gold 139         SH 18     Dex 12      Spells:  0 memorised,  5 levels left

rFire  . . .     SeeInvis .     a - +0 falchion
rCold  . . .     Clarity  .     c - +0 shield
rNeg   . . .     Conserve .     (helmet restricted)
rPois  .         rCorr    .     h - amulet of the gourmand
rElec  .         rRot     .     (no ring)
SustAb . .       Spirit   .     (no ring)
rMut   .         Warding  .     (no ring)
Gourm  +         Stasis   .     (no ring)
                                (no ring)
                                (no ring)
                                (no ring)
                                (no ring)

@: slightly resistant to hostile enchantments, fairly stealthy
A: almost no armour, amphibious, 8 rings, constrict 8, camouflage 1, gelatinous
body 1
a: no special abilities


You were on level 3 of the Dungeon.
You were not hungry.

You visited 1 branch of the dungeon, and saw 3 of its levels.

You collected 139 gold pieces.

Inventory:

Hand weapons
 a - a +0,+0 falchion (weapon)
Armour
 c - a +0 shield (worn)
Magical devices
 o - a wand of flame (10) {unknown}
Comestibles
 d - 2 bread rations
 g - 2 apples
 u - a meat ration
Scrolls
 b - a scroll of enchant weapon II {unknown}
 e - 2 scrolls of remove curse {unknown}
 f - a scroll of amnesia {unknown}
 i - 5 scrolls of teleportation {unknown}
 k - a scroll of fog {unknown}
 l - a scroll of blinking {unknown}
 m - a scroll of immolation {unknown}
 q - a scroll of recharging {unknown}
 r - a scroll of curse armour {unknown}
Jewellery
 h - an amulet of the gourmand (around mantle)
 s - an uncursed ring of positive energy {unknown}
Potions
 j - a potion of agility {unknown}
 n - a potion of porridge
 p - 2 potions of heal wounds {unknown}


   Skills:
 + Level 3.4 Fighting
 * Level 2.7 Long Blades
 * Level 3.9 Dodging
 * Level 3.4 Shields
 * Level 1.0 Spellcasting


You had 5 spell levels left.
You didn't know any spells.

Dungeon Overview and Level Annotations

Branches:
Dungeon (3/16)

Altars:


Innate Abilities, Weirdness & Mutations

You cannot wear most types of armour.
You are amphibious.
You can wear up to eight rings at the same time.
You can use your tentacles to constrict many enemies at once.
Your skin changes colour to match your surroundings (Stlth).
Your rubbery body absorbs attacks (AC +1).


Message History

The gnoll barely misses you. You block the gnoll's attack.
You see here a spear.
You hit the gnoll but do no damage. Your grab misses the gnoll.
You squeeze the gnoll, but do no damage.
The gnoll hits you with a spear.
* * * LOW HITPOINT WARNING * * *
Your shield prevents you from hitting the gnoll.
You grab the gnoll.
You squeeze the gnoll, but do no damage.
You constrict the gnoll, but do no damage.
You block the gnoll's attack.
You hit the gnoll.
The gnoll is moderately wounded.
You constrict the gnoll. The gnoll hits you with a spear.
* * * LOW HITPOINT WARNING * * *
You hit the gnoll.
The gnoll is severely wounded.
You constrict the gnoll. The gnoll hits you with a spear.
You die...

#.# #....###..##..# #.#
#....###.###..### #.#
#......g........# #.#
#...g#######.##.# #.# #....#
####.##.# #########.#
#....####.##.##.# #.......#.#
#.............#.#
#.......#.#######.#.#.##..#.#
+..............)@g.>......#.#
#.......#.#######...#.###.#.#
#.......#.### #.###.###.#.#
#.......#....##.#.###.......#
...##................)....###
...
#.##.....##....##.##....###
...
#.##.....###.#.#.%........#
..
#.<......#.......)....#.#.#
#.###....#......#.........#


You could see a gnoll.

Vanquished Creatures
  A gnoll (D:3)
  2 adders
  A worm (D:2)
  A giant gecko (D:2)
  2 oozes
  A ball python (D:3)
  8 bats
  2 giant cockroaches
  7 goblins
  8 hobgoblins
  4 kobolds
  A quokka (D:2)
  3 giant newts
  11 jackals
  7 rats
59 creatures vanquished.

Notes
Turn   | Place    | Note
--------------------------------------------------------------
     0 | D:1      | Herrn, the Octopode Fighter, began the quest for the Orb.
     0 | D:1      | Reached XP level 1. HP: 16/16 MP: 1/1
   274 | D:1      | Reached XP level 2. HP: 11/21 MP: 2/2
   563 | D:1      | Reached XP level 3. HP: 12/26 MP: 3/3
  1729 | D:2      | Reached skill level 1 in Spellcasting
  1787 | D:2      | Reached XP level 4. HP: 28/31 MP: 5/5
  2498 | D:3      | HP: 1/31 [gnoll/spear (4)]
  2499 | D:3      | Slain by a gnoll

Action                   |  1- 3 |  4- 6 || total
-------------------------+-------+-------++-------
Melee: Falchion          |    88 |    44 ||   132
 Stab: Sleeping          |       |     1 ||     1
